 Seeded DCSS version 0.28-a0-1395-g4f6bc678fa (webtiles) character file.

Game seed: 20220105 (custom seed)

807 a11behringer the Slasher (level 7, -4/61 HPs)
             Began as a Minotaur Fighter on Jan 5, 2022.
             Slain by Edmund (10 damage)
             ... on level 5 of the Dungeon.
             The game lasted 00:06:57 (4503 turns).

a11behringer the Slasher (Minotaur Fighter)         Turns: 4503, Time: 00:06:58

Health: -4/61      AC: 11    Str: 23    XL:     7   Next: 60%
Magic:  6/6        EV:  8    Int:  5    God:
Gold:   177        SH:  4    Dex:  9    Spells: 6/6 levels left

rFire   . . .      SeeInvis .   a - +0 long sword
rCold   . . .      Faith    .   c - +0 buckler
rNeg    . . .      Spirit   .   o - +0 chain mail
rPois   .          Reflect  .   (helmet restricted)
rElec   .          Harm     .   u - +0 cloak
rCorr   .          Rampage  .   (no gloves)
Will    .....                   (no boots)
Stlth   ..........              (no amulet)
HPRegen 0.20/turn               k - ring of flight
MPRegen 0.10/turn               (no ring)

@: flying
A: horns 2, retaliatory headbutt
a: no special abilities


You were on level 5 of the Dungeon.
You visited 1 branch of the dungeon, and saw 5 of its levels.

You collected 177 gold pieces.

Inventory:

Hand Weapons
 a - a +0 long sword (weapon)
Missiles
 n - 17 poisoned darts (quivered)
 q - 67 bolts
 r - 11 arrows
Armour
 b - a +0 scale mail
 c - a +0 buckler (worn)
 f - a +2 robe of willpower
 i - a +3 leather armour
 o - a +0 chain mail (worn)
 u - a +0 cloak (worn)
Jewellery
 k - a ring of flight (left hand)
 m - a ring of ice
Scrolls
 j - 5 scrolls of identify {unknown}
 l - a scroll of fog {unknown}
 v - a scroll of noise {unknown}
 w - a scroll of holy word {unknown}
 x - a scroll of acquirement {unknown}
 y - a scroll of blinking {unknown}
 z - a scroll of enchant armour {unknown}
 A - a scroll of teleportation {unknown}
Potions
 d - a potion of might
 e - 5 potions of flight {unknown}
 g - a potion of heal wounds {unknown}
 h - 3 potions of curing {unknown}
 p - a potion of mutation {unknown}
 s - a potion of haste {unknown}
 t - 2 potions of magic {unknown}
 B - a potion of lignification {unknown}


   Skills:
 + Level 5.3 Fighting
 * Level 7.8 Long Blades
 + Level 5.7 Armour
 + Level 2.2 Dodging
 + Level 4.3 Shields


You had 6 spell levels left.
You didn't know any spells.
Your spell library contained the following spells:

 Spells                   Type           Power      Damage    Failure   Level
 Dazzling Flash           Conj/Hex       0%         N/A       100%        3
 Iskenderun's Mystic Bla  Conj/Tloc      0%         2d3       100%        4
 Starburst                Conj/Fire      0%         6d3       100%        6


Dungeon Overview and Level Annotations

Branches:
Dungeon (5/15)
 Temple: D:4-7

Altars:
Qazlal

Annotations:
D:5 Edmund


Innate Abilities, Weirdness & Mutations

You have a pair of horns on your head.
You reflexively headbutt those who attack you in melee.


Message History

Edmund is severely wounded.
The hound zombie bites you but does no damage.
Edmund hits you with a +2 flail of protection.
You are too injured to fight recklessly!
You are too injured to fight recklessly!
You are too injured to fight recklessly!
You are too injured to fight recklessly!
You are too injured to fight recklessly!
You are too injured to fight recklessly!
You are too injured to fight recklessly!
You are too injured to fight recklessly!
You hit Edmund but do no damage. You headbutt Edmund, but do no damage.
Edmund is severely wounded.
The hound zombie closely misses you.
Edmund hits you with a +2 flail of protection.
You slash Edmund!
Edmund is almost dead.
The hound zombie bites you but does no damage.
Edmund hits you with a +2 flail of protection.
You hit Edmund. You headbutt Edmund, but do no damage.
Edmund is almost dead.
The hound zombie bites you but does no damage.
The hound zombie barely misses you. You furiously retaliate!
You headbutt the hound zombie.
Edmund hits you with a +2 flail of protection!
* * * LOW HITPOINT WARNING * * *
You hit Edmund but do no damage.
Edmund is almost dead.
The hound zombie barely misses you.
Edmund hits you with a +2 flail of protection!
* * * LOW HITPOINT WARNING * * *
You closely miss Edmund.
Edmund is almost dead.
The hound zombie barely misses you. You furiously retaliate!
You headbutt the hound zombie! You block Edmund's attack.
You barely miss Edmund.
Edmund is almost dead.
The hound zombie bites you but does no damage.
Edmund hits you with a +2 flail of protection!
You die...

........##..#
#.......
#..####..#####
........ #..#
#....#
......###..#
##..##
#.....##..###....#
#..........###..##
##......###.....##
#....Z..#.#.....>#
#..@@.......#..##
#.##..#..##.###.#
#.....#...####
#.....#...#
.......##...#
..)##...###.## ##.
#!.## ### # ####


You could see Edmund and a hound zombie.

Vanquished Creatures
  2 necrophages (D:4)
  An ogre (D:4)
  2 black bears (D:4)
  A scorpion (D:4)
  A hound (D:4)
  Crazy Yiuf (D:2)
  Jessica (D:2)
  An iguana (D:4)
  A scorpion zombie (D:5)
  A hound skeleton (D:4)
  6 adders
  3 gnolls (D:3)
  2 worms
  2 dart slugs
  10 orcs (D:4)
  8 ball pythons
  4 endoplasms
  3 giant cockroaches
  3 goblins
  8 hobgoblins
  5 kobolds
  2 quokkas
  5 bats
  2 frilled lizards
  2 rats
77 creatures vanquished.

Notes
Turn   | Place    | Note
-------+----------+-------------------------------------------
     0 | D:1      | a11behringer the Minotaur Fighter began the quest for the
                  | Orb.
     0 | D:1      | Reached XP level 1. HP: 19/19 MP: 0/0
   328 | D:1      | Reached XP level 2. HP: 27/27 MP: 1/1
  1072 | D:2      | Reached skill level 3 in Long Blades
  1072 | D:2      | Reached XP level 3. HP: 33/33 MP: 2/2
  1182 | D:2      | Reached skill level 1 in Dodging
  1215 | D:2      | Noticed Jessica
  1221 | D:2      | Killed Jessica
  1222 | D:2      | Reached XP level 4. HP: 25/41 MP: 3/3
  1503 | D:2      | Found a faded altar of an unknown god.
  1540 | D:2      | Reached skill level 4 in Long Blades
  1741 | D:2      | Found a runed translucent door.
  1742 | D:2      | Noticed Crazy Yiuf
  1990 | D:2      | Killed Crazy Yiuf
  2217 | D:3      | Reached XP level 5. HP: 47/47 MP: 4/4
  3216 | D:4      | Noticed a black bear
  3220 | D:4      | Killed a black bear
  3221 | D:4      | Reached skill level 5 in Long Blades
  3221 | D:4      | Reached skill level 5 in Armour
  3291 | D:4      | Noticed a necrophage
  3300 | D:4      | Killed a necrophage
  3301 | D:4      | Reached XP level 6. HP: 53/53 MP: 5/5
  3476 | D:4      | Found a stormy altar of Qazlal.
  3695 | D:4      | Reached skill level 6 in Long Blades
  3827 | D:4      | Reached XP level 7. HP: 58/60 MP: 6/6
  4085 | D:4      | Reached skill level 7 in Long Blades
  4092 | D:4      | Reached skill level 5 in Fighting
  4455 | D:5      | Entered Level 5 of the Dungeon
  4486 | D:5      | Noticed Edmund
  4503 | D:5      | Slain by Edmund

Illustrated notes

Levels and vault maps discovered:
D:1:      tarquinn_simple_flora_water_e, layout_basic
D:2:      layout_loops_ring, shapermc_ecumenical_altar_notcrosses, uniq_jessica,
          uniq_crazy_yiuf_cottage
D:3:      layout_loops_ring
D:4:      layout_basic, lemuel_coloured_pillars_altar, nicolae_zen_rock_garden
D:5:      layout_cave_pools, minmay_temple_entry_slanted, serial_shops,
          nicolae_stop_n_shop_1, uniq_edmund

Skill      XL: |  1  2  3  4  5  6  7 |
---------------+----------------------+-----
Fighting       | 4 5 |  5.3
Armour         | 4 5 |  5.7
Long Blades    | 3 4 5 6 7 |  7.8
Dodging        | 1 2 |  2.2
Shields        | 4 |  4.3

Action                   |  1- 3 |  4- 6 |  7- 9 || total
-------------------------+-------+-------+-------++-------
Melee: Long sword        |    66 |    95 |    54 ||   215
       Headbutt          |    14 |    13 |    10 ||    37
Armor: Scale mail        |    31 |       |       ||    31
       Chain mail        |       |    34 |    39 ||    73
Dodge: Dodged            |    26 |    30 |    24 ||    80
Block: Buckler           |    13 |    22 |    11 ||    46

Table legend: (Time is in decaauts)
 A = Elapsed time spent in this place.
 B = Non-inter-level travel time spent in this place.
 C = Inter-level travel time spent in this place.
 D = Time resting spent in this place.
 E = Time spent auto-exploring this place.
 F = Levels seen in this place.
 G = Mean time per level.
                   A        B        C        D        E       F      G
               +--------+--------+--------+--------+--------+-----+--------+
         Total |   4534 |   4277 |    257 |      0 |   3749 |   5 |  906.8 |
       Dungeon |   4534 |   4277 |    257 |      0 |   3749 |   5 |  906.8 |
               +--------+--------+--------+--------+--------+-----+--------+

Top non-repeatable levels by time:
     D:2: 1261 daAuts
     D:4: 1244 daAuts
     D:3: 1013 daAuts
     D:1: 968 daAuts
     D:5: 48 daAuts
